 Dungeon Crawl Stone Soup version 0.22-a0 (webtiles) character file.

172 sagitran the Chopper (level 5, -5/46 HPs)
             Began as a Hill Orc Fighter on Dec 31, 2017.
             Killed from afar by an orc wizard (11 damage)
             ... with a puff of flame
             ... on level 3 of the Dungeon.
             The game lasted 00:05:14 (2275 turns).

sagitran the Chopper (Hill Orc Fighter)             Turns: 2275, Time: 00:05:15

Health: -5/46      AC:  8    Str: 25    XL:     5   Next: 52%
Magic:  5/5        EV:  8    Int:  8    God:
Gold:   107        SH: 10    Dex: 10    Spells: 4/4 levels left

rFire    . . .     SeeInvis .   a - +1 war axe
rCold    . . .     Gourm    .   c - +0 shield
rNeg     . . .     Faith    .   i - +0 scale mail (curse)
rPois    .         Spirit   .   (no helmet)
rElec    .         Reflect  .   (no cloak)
rCorr    .         Harm     .   (no gloves)
MR       .....                  k - +0 pair of boots
Stlth    ..........             (no amulet)
HPRegen  0.15/turn              (no ring)
MPRegen  0.09/turn              (no ring)

@: mighty
A: no striking features
a: no special abilities


You were on level 3 of the Dungeon.
You were hungry.

You visited 1 branch of the dungeon, and saw 3 of its levels.

You collected 107 gold pieces.

Inventory:

Hand Weapons
 a - a +1 war axe (weapon)
Missiles
 e - 6 exploding tomahawks (quivered)
Armour
 b - a +0 scale mail
 c - a +0 shield (worn)
 i - a cursed +0 scale mail (worn)
 k - a +0 pair of boots (worn)
Jewellery
 r - an uncursed ring of protection from magic {unknown}
Scrolls
 h - 3 scrolls of amnesia {unknown}
 j - a scroll of fog {unknown}
 n - a scroll of identify {unknown}
 p - 3 scrolls of teleportation {unknown}
Potions
 l - a potion of berserk rage {unknown}
 o - 2 potions of haste {unknown}
 q - a potion of mutation {unknown}
Comestibles
 f - 9 rations


   Skills:
 + Level 4.2 Fighting
 + Level 4.7 Axes
 + Level 4.2 Armour
 + Level 0.7 Dodging
 + Level 4.3 Shields


You had 4 spell levels left.
You didn't know any spells.

Dungeon Overview and Level Annotations

Branches:
Dungeon (3/15)

Altars:
Nemelex Xobeh
Sif Muna
Xom
Zin


Message History

You miss something. Something hits you but does no damage.
You miss something.
You hear some strange, mumbled words.
A magic dart appears from out of thin air!
The magic dart hits you!
You closely miss something. You block something's attack.
Your shield and scale mail prevent you from hitting something.
Something hits you.
* * * LOW HITPOINT WARNING * * *
Something hits you but does no damage.
You closely miss something.
You hear some strange, mumbled words.
A magic dart appears from out of thin air!
The magic dart hits you!
* * * LOW HITPOINT WARNING * * *
You closely miss something. Something hits you but does no damage.
You hear some strange, mumbled words.
A puff of flame appears from out of thin air!
The puff of flame hits you!
You die...

#.#. #.#.# #.#.
#.#.###########.#.
..................
#....(# ######.#.
#.....# #.#.
+.....### #..#
#.......# #..#
+#.#####@......###
###.#
>....o{.).........
##..≈.
..########.⌠.⌠###
##._.#≈
#.._..####...♣≈.
##⌠.⌠..#.^.≈♣._.
##......#..≈≈♣.
##...####_≈≈_.
#...#####≈♣#.
#.......###.#


You could see an orc.

Vanquished Creatures
  An orc wizard (D:3)
  8 adders
  2 oozes
  A worm (D:2)
  2 dart slugs
  4 leopard geckos
  An orc (D:3)
  A ball python (D:2)
  4 goblins
  6 hobgoblins
  4 jackals (D:1)
  8 kobolds
  3 quokkas
  4 bats
  2 frilled lizards
  4 rats
55 creatures vanquished.

Notes
Turn   | Place    | Note
-------+----------+-------------------------------------------
     0 | D:1      | sagitran the Hill Orc Fighter began the quest for the Orb.
     0 | D:1      | Reached XP level 1. HP: 19/19 MP: 1/1
    92 | D:1      | Reached XP level 2. HP: 24/27 MP: 2/2
   380 | D:1      | Reached XP level 3. HP: 33/33 MP: 3/3
   921 | D:2      | Found a glowing silver altar of Zin.
  1261 | D:2      | Reached XP level 4. HP: 32/40 MP: 4/4
  1315 | D:2      | Found a deep blue altar of Sif Muna.
  1849 | D:3      | Reached XP level 5. HP: 43/46 MP: 5/5
  1999 | D:3      | Found a shimmering altar of Xom.
  2002 | D:3      | Found a shimmering altar of Xom.
  2010 | D:3      | Found a shimmering altar of Xom.
  2010 | D:3      | Found a shimmering altar of Xom.
  2229 | D:3      | Found a sparkling altar of Nemelex Xobeh.
  2265 | D:3      | HP: 2/46 [something/puff of flame (6)]
  2275 | D:3      | Killed from afar by an orc wizard

Vault maps used:
D:1:      dpeg_arrival_simpleton_c
D:2:      zin_statuary, lemuel_round_altar
D:3:      nemelex_xobeh_ov_fountains_minmay, xom_redecorated

Skill      XL: |  1  2  3  4 |
---------------+-------------+-----
Fighting       | 4 |  4.2
Shields        | 4 |  4.3
Axes           | 3 4 |  4.7
Armour         | 4 |  4.2
Dodging        | |  0.7

Action                   |  1- 3 |  4- 6 || total
-------------------------+-------+-------++-------
Melee: War axe           |    90 |    85 ||   175
  Use: Scroll            |     1 |       ||     1
       Potion            |       |     3 ||     3
  Eat: Chunk             |     1 |     3 ||     4
Armor: Scale mail        |    56 |    45 ||   101
Dodge: Dodged            |    36 |    23 ||    59
Block: Shield            |    52 |    45 ||    97

Table legend:
 A = Spawn XP
 B = Non-spawn XP
 C = Spawn XP percentage of total XP
 D = Spawn monster count
 E = Non-spawn monster count
 F = Spawn count percentage of total count
 G = Total turns spent on level
                    A         B        C        D         E        F      G
               +---------+---------+-------+---------+---------+-------+---------
         Total |       0 |     246 |   0.0 |       0 |      55 |   0.0 |  2275
               +---------+---------+-------+---------+---------+-------+---------
           D:1 |       0 |      45 |   0.0 |       0 |      22 |   0.0 |   757
           D:2 |       0 |     116 |   0.0 |       0 |      23 |   0.0 |  1003
           D:3 |       0 |      85 |   0.0 |       0 |      10 |   0.0 |   515
               +---------+---------+-------+---------+---------+-------+---------
